AoeStats
← ❂dlnlb

Pilgrims

509675990Analyzed
2v2 RM · 3d ago on Sep 27, 2026· 34m 5s· 4 players
Game mode
Random Map
Map size
Medium (4 player)
Population
200
Speed
Normal
Resources
Standard
Victory
Conquest
Starting age
Dark Age
Ending age
Imperial Age
RankedLock teamsTeams togetherTeam positionsShared explorationLock speedFull tech treeHidden civsTurbo modeCheats
Victory
Defeat
🇪🇸 Huns · Spain
710
+14
🇪🇸 Inca · Spain
694
+15
🇩🇪 Danes · Germany
686
-15
🇨🇱 Franks · Chile
647
-14
RIZOSRULL
11:02 Feudal Age
12:20 Wheelbarrow
11:36 Double-Bit Axe
13:18 Bloodlines
18:57 Gold Mining
19:04 Stone Mining
18:57 Horse Collar
19:36 Forging
21:56 Castle Age
20:07 Scale Barding Armor
23:44 Iron Casting
24:04 Hand Cart
24:11 Bow Saw
25:18 Husbandry
25:52 Chain Barding Armor
❂dlnlb
11:24 Feudal Age
12:59 Wheelbarrow
12:09 Horse Collar
12:15 Double-Bit Axe
13:41 Stone Mining
14:49 Champi Runner
17:20 Gold Mining
17:53 Arson
18:20 Loom
19:31 Scale Mail Armor
19:41 Forging
23:11 Padded Archer Armor
23:02 Fletching
28:48 Castle Age
30:03 Bow Saw
29:56 Squires
29:18 Champi Warrior
30:05 Heavy Plow
30:45 Gold Shaft Mining
30:45 Stone Shaft Mining
31:27 Hand Cart
32:50 Thumb Ring
33:50 Andean Sling
maioo
1:30 Loom
11:55 Feudal Age
13:44 Wheelbarrow
14:12 Fishing Lines
15:52 Horse Collar
16:00 Double-Bit Axe
30:01 Castle Age
30:54 Pikeman
Nick
14:17 Feudal Age
20:44 Castle Age
Connection lost

Rejoining the realm…

Still unreachable

The connection could not be restored.

Session expired

The server has moved on; the page needs a fresh start.